 Dungeon Crawl Stone Soup version 0.21-a0-203-gb066a6e (webtiles) character file.

23925 Kidiri the Thaumaturge (level 12, -7/68 HPs)
             Began as a Deep Elf Fire Elementalist on Aug 19, 2017.
             Was an Elder of Vehumet.
             Killed from afar by an electric eel (15 damage)
             ... with a bolt of electricity
             ... on level 1 of the Lair of Beasts.
             The game lasted 01:11:51 (16017 turns).

Kidiri the Thaumaturge (DEFE)                      Turns: 16017, Time: 01:11:51

Health: -7/68      AC: 14    Str:  5      XL:     12   Next: 76%
Magic:  18/31      EV: 17    Int: 25 (26) God:    Vehumet [****..]
Gold:   678        SH:  5    Dex: 15      Spells: 3/37 levels left

rFire    + + .     SeeInvis .   C - +4 dagger (venom)
rCold    . . .     Gourm    .   k - +0 buckler
rNeg     . . .     Faith    .   f - +2 robe {rC+ rF+}
rPois    .         Spirit   .   t - +1 helmet
rElec    .         Reflect  .   o - +1 cloak
rCorr    +         Harm     .   m - +2 pair of gloves
MR       +....     Rnd*Tele +   w - +1 pair of boots
Stlth    ++........             (no amulet)
HPRegen  0.21/turn              u - ring of resist corrosion
MPRegen  0.22/turn              J - ring of fire

@: lethally poisoned (-7 -> -8), about to teleport
A: blink, deterioration 1, screaming 1, teleportitis 1, MP-powered wands
a: Blink, Renounce Religion


You were on level 1 of the Lair of Beasts.
You worshipped Vehumet.
Vehumet was greatly pleased with you.
You were full.

You visited 3 branches of the dungeon, and saw 14 of its levels.

You collected 678 gold pieces.

Inventory:

Hand Weapons
 C - a +4 dagger of venom (weapon)
Armour
 a - a +0 shield
 f - a +2 robe of resistance (worn)
 k - a +0 buckler (worn)
 m - a +2 pair of gloves (worn)
 o - a +1 cloak (worn)
 t - a +1 helmet (worn)
 w - a +1 pair of boots (worn)
Jewellery
 u - a ring of resist corrosion (left hand)
 J - a ring of fire (right hand)
Wands
 x - a wand of polymorph (16/24)
 y - a wand of paralysis (22/24)
 F - a wand of flame (35/48)
 K - a wand of iceblast (7/15)
Scrolls
 j - 4 scrolls of fog
 s - 2 scrolls of magic mapping
 D - a scroll of teleportation
 I - a scroll of silence
Potions
 b - 2 potions of agility
 e - 3 potions of curing
 g - 2 potions of resistance
 h - a potion of cancellation
 n - 4 potions of magic
 q - 4 potions of might
 r - 2 potions of flight
 v - 3 potions of haste
 E - 3 potions of degeneration {unknown}
 G - a potion of lignification
 H - 2 potions of brilliance
Books
 A - a Young Poisoner's Handbook

   Spells                             Type                      Level
   a - Sting                          Conjuration/Poison           1
   b - Poisonous Vapours              Poison/Air                   2
   c - Mephitic Cloud                 Conjuration/Poison/Air       3
   d - Olgreb's Toxic Radiance        Poison                       4
   e - Venom Bolt                     Conjuration/Poison           5
 B - a book of Clouds

   Spells                             Type                      Level
   a - Poisonous Vapours              Poison/Air                   2
   b - Mephitic Cloud                 Conjuration/Poison/Air       3
   c - Conjure Flame                  Conjuration/Fire             3
   d - Freezing Cloud                 Conjuration/Ice/Air          6
   e - Ring of Flames                 Charms/Fire                  7
Comestibles
 c - 5 bread rations
 d - 7 royal jellies
 p - 10 meat rations
 z - a fruit


   Skills:
 + Level 4.9 Fighting
 + Level 6.0 Short Blades
 + Level 5.1 Armour
 + Level 7.6 Dodging
 - Level 2.4 Stealth
 + Level 4.9 Shields
 * Level 13.2 Spellcasting
 + Level 8.2 Conjurations
 + Level 8.4 Fire Magic
 + Level 5.4 Ice Magic
 + Level 4.9 Air Magic
 + Level 5.7 Poison Magic


You had 3 spell levels left.
You knew the following spells:

 Your Spells              Type           Power        Failure   Level  Hunger
a - Flame Tongue          Conj/Fire      #####        1%          1    None
b - Throw Flame           Conj/Fire      ######       1%          2    None
c - Conjure Flame         Conj/Fire      ######..     1%          3    None
d - Inner Flame           Hex/Fire       ######..     1%          3    None
e - Ignite Poison         Fire/Tmut/Pois ######..     1%          3    None
f - Sticky Flame          Conj/Fire      ######..     1%          4    None
g - Fireball              Conj/Fire      ######....   1%          5    ###....
h - Freezing Cloud        Conj/Ice/Air   #####.....   11%         6    #####..
i - Mephitic Cloud        Conj/Pois/Air  #####...     1%          3    None
j - Olgreb's Toxic Radia  Pois           #####...     1%          4    None


Dungeon Overview and Level Annotations

Branches:
Dungeon (12/15)            Temple (1/1) D:7            Lair (1/6) D:11
    Orc (0/2) D:11

Altars:
Ashenzari
Cheibriados
Dithmenos
Elyvilon
Fedhas
Gozag
Hepliaklqana
Kikubaaqudgha
Makhleb
Nemelex Xobeh
Okawaru
Qazlal
Ru
Sif Muna
Trog
Uskayaw
Vehumet
Wu Jian
Xom
Yredelemnul
Zin
The Shining One

Shops:
D:5 %   D:8 [


Innate Abilities, Weirdness & Mutations

You can translocate small distances at will.
Your body sometimes deteriorates upon taking damage.
You occasionally shout uncontrollably at your foes.
You are occasionally teleported next to monsters.
You expend magic power (3 MP) to strengthen your wands.


Message History

Unknown command.
Okay, then.
Unknown command.
Evoke which item? (* to show all) (? for menu, Esc to quit)
Okay, then.
Unknown command.
Okay, then.
Unknown command.
Unknown command.
Casting: Olgreb's Toxic Radiance
Confirm with . or Enter, or press ? or * to list all spells.
Aiming: Fireball
Press: ? - help, Shift-Dir - straight line, f - ice dragon
Aim: an ice dragon (catching its breath)
You feel a surge of power!
The fireball explodes!
The fireball engulfs the ice dragon.
The ice dragon is burned terribly!
The ice dragon is heavily wounded.
The electric eel shoots out a bolt of lightning at you!
The bolt of electricity hits you!
You die...

####.# #....# #≈ #)####
≈≈≈ #.## ######≈≈≈ #..#
####...≈≈≈≈≈ ##.######
##.......≈≈≈≈
#......#####........≈≈;≈
######.............§≈≈≈≈
#####.....@†.D§≈≈≈$
###......§§≈..$
##....≈≈≈....
###..≈≈≈≈... ####≈≈≈###
####


You could see an ice dragon and an electric eel.

Vanquished Creatures
  Josephine (D:11)
  3 hydras
  2 two-headed ogres
  A queen ant (D:11)
  An unseen horror (D:11)
  Pikel (D:5)
  A deep elf mage (D:12)
  2 ugly things
  A cyclops (D:12)
  A centaur zombie (D:12)
  A gargoyle (D:11)
  A kobold demonologist (D:12)
  2 komodo dragons (Lair:1)
  3 spiny frogs (Lair:1)
  2 trolls
  4 hornets
  5 blink frogs (Lair:1)
  A hippogriff (D:11)
  A meliai zombie (D:12)
  6 wraiths
  Sigmund (D:3)
  17 yaks
  Menkaure (D:5)
  19 soldier ants
  4 water moccasins
  Duvessa (D:5)
  3 porcupines (D:11)
  4 orc warriors
  2 ice beasts
  A sky beast (D:10)
  4 slaves (D:5)
  3 black bears
  A necrophage (D:11)
  A phantom (D:7)
  4 centaurs
  2 ogres
  3 crocodiles (Lair:1)
  A big kobold (D:8)
  9 bullfrogs
  A water moccasin skeleton (D:5)
  Dowan (D:5)
  2 scorpions
  10 killer bees
  A howler monkey (D:6)
  A quasit (D:7)
  4 bullfrog zombies
  6 orc priests
  4 hounds
  6 jellies
  11 orc wizards
  A bullfrog skeleton (D:5)
  4 centaur skeletons
  5 iguanas
  28 worker ants
  2 hound zombies
  A hound skeleton (D:4)
  2 howler monkey zombies
  6 gnolls
  15 adders
  3 shadow imps
  An ooze (D:4)
  An adder skeleton (D:3)
  2 adder zombies
  7 worms
  4 dart slugs (D:2)
  5 leopard geckos
  33 orcs
  A ball python (D:4)
  4 giant cockroaches
  A goblin (D:2)
  6 hobgoblins
  7 jackals
  16 kobolds
  2 quokkas
  7 bats
  8 frilled lizards
  A quokka skeleton (D:6)
  11 rats
  2 bushes (Lair:1)
  A fungus (D:11)
  2 plants (Lair:1)
357 creatures vanquished.

Vanquished Creatures (collateral kills)
  2 soldier ants (D:11)
2 creatures vanquished.

Vanquished Creatures (others)
  A worker ant (D:11)
  6 fungi
  A plant (D:11)
8 creatures vanquished.

Grand Total: 367 creatures vanquished

Notes
Turn   | Place    | Note
-------+----------+-------------------------------------------
     0 | D:1      | Kidiri the Deep Elf Fire Elementalist began the quest for the Orb.
     0 | D:1      | Reached XP level 1. HP: 10/10 MP: 6/6
   197 | D:1      | Reached XP level 2. HP: 15/15 MP: 5/8
   201 | D:1      | Learned a level 2 spell: Throw Flame
   650 | D:2      | Reached XP level 3. HP: 19/19 MP: 6/10
   655 | D:2      | Learned a level 3 spell: Conjure Flame
   659 | D:2      | Learned a level 3 spell: Inner Flame
   700 | D:2      | Reached skill level 4 in Spellcasting
   701 | D:2      | Found a snail-covered altar of Cheibriados.
  1063 | D:2      | Found a stormy altar of Qazlal.
  1104 | D:2      | Found a glowing silver altar of Zin.
  1389 | D:2      | Reached XP level 4. HP: 20/24 MP: 7/12
  1697 | D:3      | Noticed an ogre
  1708 | D:3      | Killed an ogre
  1708 | D:3      | Reached skill level 5 in Spellcasting
  1708 | D:3      | Reached XP level 5. HP: 6/28 MP: 4/14
  1727 | D:3      | Learned a level 4 spell: Sticky Flame
  1802 | D:3      | Noticed Sigmund
  1816 | D:3      | Reached skill level 6 in Spellcasting
  2036 | D:3      | Killed Sigmund
  2036 | D:3      | Reached skill level 5 in Fire Magic
  2036 | D:3      | Reached XP level 6. HP: 6/32 MP: 1/17
  2063 | D:2      | Learned a level 5 spell: Fireball
  2522 | D:3      | Noticed a moth of wrath
  2526 | D:3      | Found a bloodstained altar of Trog.
  2860 | D:4      | Reached skill level 7 in Spellcasting
  3009 | D:4      | Found a blossoming altar of Fedhas.
  3072 | D:4      | Reached XP level 7. HP: 37/37 MP: 14/19
  3349 | D:4      | Found a burning altar of Makhleb.
  3349 | D:4      | Noticed a green death
  3567 | D:4      | Reached skill level 1 in Armour
  3655 | D:4      | Reached skill level 1 in Fighting
  3655 | D:4      | Reached skill level 1 in Shields
  3678 | D:4      | Reached skill level 1 in Short Blades
  4102 | D:3      | Found a stormy altar of Qazlal.
  4195 | D:5      | Entered Level 5 of the Dungeon
  4448 | D:5      | Noticed Menkaure
  4456 | D:5      | Killed Menkaure
  4456 | D:5      | Reached XP level 8. HP: 23/43 MP: 9/21
  4640 | D:5      | Noticed Duvessa
  4640 | D:5      | Noticed Dowan
  4650 | D:5      | Reached skill level 8 in Spellcasting
  4668 | D:5      | Found Karphops's Food Emporium.
  5533 | D:5      | Killed Dowan
  5537 | D:5      | Killed Duvessa
  5578 | D:5      | Noticed Pikel
  5586 | D:5      | Killed Pikel
  5586 | D:5      | Reached skill level 9 in Spellcasting
  6049 | D:6      | Reached XP level 9. HP: 48/48 MP: 19/24
  6508 | D:6      | Found a deep blue altar of Sif Muna.
  6645 | D:6      | Reached skill level 5 in Conjurations
  7093 | D:7      | Learned a level 3 spell: Mephitic Cloud
  7285 | D:7      | Found a staircase to the Ecumenical Temple.
  7291 | Temple   | Entered the Ecumenical Temple
  7405 | Temple   | Became a worshipper of Vehumet
  7484 | D:7      | You fall through a shaft for 2 floors!
  7542 | D:9      | Found a sparkling altar of Nemelex Xobeh.
  7884 | D:8      | Reached * piety under Vehumet
  7884 | D:8      | Offered knowledge of Freeze by Vehumet.
  7979 | D:8      | Reached skill level 1 in Poison Magic
  8027 | D:8      | Reached skill level 5 in Dodging
  8767 | D:8      | Found Alubeyd's Antique Armour Shop.
  8782 | D:8      | Reached skill level 1 in Air Magic
  8854 | D:8      | Reached skill level 10 in Spellcasting
  9152 | D:8      | Learned a level 6 spell: Freezing Cloud
  9728 | D:9      | Reached skill level 1 in Ice Magic
  9728 | D:9      | Offered knowledge of Searing Ray by Vehumet.
  9730 | D:9      | Reached ** piety under Vehumet
  9730 | D:9      | Reached XP level 10. HP: 56/56 MP: 18/26
 10084 | D:10     | Entered Level 10 of the Dungeon
 10697 | D:10     | Gained mutation: You expend magic power (3 MP) to strengthen your wands. [mutagenic meat]
 10698 | D:10     | Gained mutation: You are occasionally teleported next to monsters. [mutagenic meat]
 10699 | D:10     | Gained mutation: You occasionally shout uncontrollably at your foes. [mutagenic meat]
 10700 | D:10     | Gained mutation: You can translocate small distances at will. [mutagenic meat]
 11417 | D:10     | You fall through a shaft for 2 floors!
 11447 | D:12     | Noticed a cyclops
 11482 | D:12     | Killed a cyclops
 11698 | D:12     | Reached skill level 11 in Spellcasting
 11735 | D:12     | Noticed a purple ugly thing
 11752 | D:12     | Killed a purple ugly thing
 11984 | D:12     | Noticed a two-headed ogre
 11997 | D:12     | Killed a two-headed ogre
 11997 | D:12     | Reached XP level 11. HP: 38/60 MP: 14/28
 12001 | D:12     | Offered knowledge of Ignite Poison by Vehumet.
 12006 | D:12     | Learned a level 3 spell: Ignite Poison
 12697 | D:12     | Noticed a deep elf mage
 12705 | D:12     | Killed a deep elf mage
 12997 | D:11     | Noticed a two-headed ogre
 13004 | D:11     | Killed a two-headed ogre
 13004 | D:11     | Reached *** piety under Vehumet
 13038 | D:11     | Found a staircase to the Orcish Mines.
 13142 | D:11     | Reached skill level 5 in Short Blades
 13259 | D:11     | Noticed a queen ant
 13279 | D:11     | Killed a queen ant
 13284 | D:11     | Offered knowledge of Iskenderun's Mystic Blast by Vehumet.
 13295 | D:11     | Reached skill level 12 in Spellcasting
 13380 | D:11     | Noticed an unseen horror
 13384 | D:11     | Killed an unseen horror
 13403 | D:11     | Reached **** piety under Vehumet
 13537 | D:11     | Learned a level 4 spell: Olgreb's Toxic Radiance
 13968 | D:11     | Found a staircase to the Lair.
 14037 | D:11     | Offered knowledge of Airstrike by Vehumet.
 14046 | D:11     | Reached XP level 12. HP: 61/67 MP: 15/30
 14137 | D:11     | Noticed a six-headed hydra
 14160 | D:11     | Killed a six-headed hydra
 14505 | D:11     | Gained mutation: Your body sometimes deteriorates upon taking damage. [mutagenic meat]
 14595 | D:11     | Reached skill level 5 in Poison Magic
 14748 | D:11     | Noticed Josephine
 14751 | D:11     | Killed Josephine
 14751 | D:11     | Reached skill level 5 in Ice Magic
 15101 | Lair:1   | Entered Level 1 of the Lair of Beasts
 15213 | Lair:1   | Noticed a six-headed hydra
 15221 | Lair:1   | Killed a six-headed hydra
 15221 | Lair:1   | Reached skill level 5 in Armour
 15524 | Lair:1   | Reached skill level 13 in Spellcasting
 15697 | Lair:1   | Noticed an eight-headed hydra
 15705 | Lair:1   | Killed an eight-headed hydra
 16012 | Lair:1   | Noticed an ice dragon
 16017 | Lair:1   | Killed from afar by an electric eel

Vault maps used:
D:1:      lightli_arrival_quake
D:2:      minmay_diamond_boxcup, nicolae_overflow_crystal_walls,
          lemuel_doored_altar, kennysheep_slug_shrine
D:3:      lemuel_upstairs_altar, tgw_trog, uniq_sigmund
D:4:      makhleb_altar_promises_db, fedhas_altar_4, first_bread
D:5:      serial_shops, nicolae_shop_waterfront, uniq_menkaure, uniq_duvessa,
          uniq_pikel
D:6:      overflow_temple_1_default
D:7:      temple_green
D:8:      serial_shops, shop
D:9:      basic_altar
D:10:     hangedman_pestilent_swarm
D:11:     grunt_lair_entry_orc_guard_hut, minivault_29, uniq_josephine
D:12:     minmay_misc_feat_nine_boxes, evilmike_butchery
Temple:   kb_temple_of_zot
Lair:1:   dragon1_lemuel, serial_bayou_shore_a

Skill      XL: |  1  2  3  4  5  6  7  8  9 10 11 12 |
---------------+-------------------------------------+-----
Spellcasting   | 4 5 6 7 9 10 11 12 13 | 13.2
Fire Magic     | 4 5 6 7 8 |  8.4
Conjurations   | 2 3 4 5 6 7 8 |  8.2
Armour         | 1 2 3 4 5 |  5.1
Fighting       | 1 2 3 4 |  4.9
Shields        | 1 2 3 4 |  4.9
Dodging        | 3 4 5 6 7 |  7.6
Short Blades   | 1 2 3 4 5 6 |  6.0
Poison Magic   | 1 3 4 5 |  5.7
Air Magic      | 1 3 4 |  4.9
Ice Magic      | 1 3 4 5 |  5.4
Stealth        | |  2.4

Action                   |  1- 3 |  4- 6 |  7- 9 | 10-12 || total
-------------------------+-------+-------+-------+-------++-------
Melee: Unarmed           |     4 |       |       |       ||     4
       Dagger            |     1 |    30 |   119 |   276 ||   426
       Short sword       |     1 |       |       |       ||     1
 Cast: Flame Tongue      |    55 |    54 |    98 |   117 ||   324
       Throw Flame       |       |     6 |    11 |     4 ||    21
       Conjure Flame     |       |     4 |     4 |    15 ||    23
       Inner Flame       |       |     2 |     4 |     3 ||     9
       Sticky Flame      |       |     8 |    53 |    69 ||   130
       Fireball          |       |       |     8 |    10 ||    18
       Mephitic Cloud    |       |       |       |    15 ||    15
       Ignite Poison     |       |       |       |    22 ||    22
       Olgreb's Toxic Ra |       |       |       |     7 ||     7
       Freezing Cloud    |       |       |       |     4 ||     4
Evoke: Wand              |       |       |       |     1 ||     1
  Use: Scroll            |     1 |     5 |    11 |    11 ||    28
       Potion            |       |     2 |     3 |     4 ||     9
 Stab: Sleeping          |     2 |       |    11 |     2 ||    15
       Distracted        |       |       |     2 |     1 ||     3
       Paralysed         |       |       |       |     1 ||     1
       Confused          |       |       |       |     3 ||     3
  Eat: Chunk             |     1 |     2 |    16 |    15 ||    34
       Meat ration       |       |     1 |       |       ||     1
       Fruit             |       |       |     7 |     9 ||    16
       Royal jelly       |       |       |     1 |     5 ||     6
Armor: Robe              |     8 |    18 |    51 |    86 ||   163
       Skin              |       |       |     3 |       ||     3
Dodge: Dodged            |    37 |    37 |   136 |   210 ||   420
Block: Buckler           |       |       |     7 |    86 ||    93
